[Event "*** SCC Grand Prix: Titled Tuesday Blitz"]
[Site "Chess.com"]
[Date "2020.10.06"]
[Round "2"]
[White "DenisQ"]
[Black "Kaslask"]
[Result "1-0"]
[WhiteElo "2657"]
[BlackElo "2333"]
[TimeControl "180+1"]
[EndTime "10:18:15 PDT"]
[Termination "DenisQ won by resignation"]

1. Nf3 Nf6 2. c4 e6 3. Nc3 d5 4.
d4 Nbd7 5. Bf4 dxc4 6. e3 b5 7. Nxb5 Bb4+ 8. Nc3 Nd5 9. Rc1 Nxf4 10. exf4 Nb6 11. Bxc4 O-O 12. Be2 c5 13. dxc5 Qxd1+ 14. Bxd1 Bxc5 15. O-O Ba6 16. Be2 Bxe2 17. Nxe2 Rac8 18.
g3 Nd5 19. a3 Rfd8 20. Kg2 Be3 21. Rxc8 Rxc8 22. Nfd4 Bxd4 23. Nxd4 Rc4 24. Rd1 Kf8 25.
f5 Ke7 26. fxe6 fxe6 27. Nf5+ Kf6 28. Nd6 Rc2 29. Rd2 Rxd2 30. Ne4+ Ke5 31. Nxd2 Kd4 32. Kf3 Kd3 33. Ne4 Kc2 34. Nc5 Kxb2 35. a4 Ka3 36.
Ke4 Nc3+ 37. Kd3 Nxa4 38. Nxe6 Kb2 39. Nxg7 Nb6 40. Ne6 Kb3 41. f4 a5 42. f5 a4 43.
Nc5+ Kb4 44. Nxa4 Nxa4 45. f6 Nc5+ 46. Kd4 Ne6+ 47. Kd5 Nf8 48. h4 Kc3 49. h5 Kd3 50. Kd6 h6 51. Ke7 Nh7 52. f7 Ke4 53. f8=Q Nxf8 54. Kxf8 Kf5 55. Kg7 Kg5 56. g4 Kxg4 57.
Kxh6 Kf5 58. Kg7 1-0

[Event "*** SCC Grand Prix: Titled Tuesday Blitz"]
[Site "Chess.com"]
[Date "2020.10.06"]
[Round "2"]
[White "abhidabhi"]
[Black "StiffMaster1"]
[Result "1/2-1/2"]
[WhiteElo "2766"]
[BlackElo "2526"]
[TimeControl "180+1"]
[EndTime "10:18:16 PDT"]
[Termination "Game drawn by repetition"]

1. Nf3 g6 2. g3 Bg7 3. Bg2 d6 4. c4 e5 5. Nc3 Ne7 6. d3 O-O 7. h4 h5 8. Bg5 c6 9. Qd2 a6 10. d4 f6 11. Bh6 Be6 12. b3 Qa5 13. Bxg7 Kxg7 14. O-O Qc7 15. Rac1 Nd7 16. Rfd1 Rad8 17. d5 cxd5 18. cxd5 Bg4 19. Nh2 Nb8 20. Na4 Qd7 21. Rc3 b5 22. Nb2 Bh3 23. Rdc1 Rc8 24. Bxh3 Qxh3 25. Rc7 Rxc7 26. Rxc7 Rf7 27. Qb4 Nf5 28. Rxf7+ Kxf7 29. Nf3 Nd7 30. Qc3 Nc5 31. b4 Ne4 32. Qc7+ Kg8 33. Qc8+ Kh7 34. Qd7+ Kh6 35. Nd3 Nexg3 36.
fxg3 Qxg3+ 37. Kh1 Ne3 38. Nde1 Ng4 39. Nd3 Ne3 40.
Nde1 Ng4 41. Nd3 Ne3 1/2-1/2

[Event "*** SCC Grand Prix: Titled Tuesday Blitz"]
[Site "Chess.com"]
[Date "2020.10.06"]
[Round "2"]
[White "PawnEatingZombie"]
[Black "Tsyhanchuk_Stanislav"]
[Result "1-0"]
[WhiteElo "2212"]
[BlackElo "2394"]
[TimeControl "180+1"]
[EndTime "10:18:16 PDT"]
[Termination "PawnEatingZombie won by checkmate"]

1. d4 Nf6 2. c4 g6 3. Nc3 Bg7 4. e4 O-O 5. Be2 c5 6. d5 d6 7. Nf3 e6 8. O-O exd5 9. cxd5 Bg4 10. Nd2 Bxe2 11. Qxe2 Na6 12. Re1 Nd7 13. Nc4 Ne5 14.
Ne3 Rb8 15. f4 Nd7 16. a4 Nb4 17. Nc4 Nb6 18. Na3 a6 19. a5 Nd7 20. Nc4 Qc7 21.
e5 dxe5 22. fxe5 Rfe8 23. e6 fxe6 24. dxe6 Nf6 25. Bg5 Rbd8 26. Ne4 Nxe4 27. Bxd8 Bd4+ 28. Kh1 Ng3+ 29. hxg3 Qxg3 30. Qf3 Qxf3 31. gxf3 Rxd8 32. e7 Re8 33. Nd6 Nd5 34. Nxe8 Ne3 35. Nf6+ Kf7 36. e8=Q+ Kxf6 37. Rxe3 Bxb2 38. Qe6+ Kg7 39. Rb1 Bd4 40.
Re4 Kh6 41. Rxd4 cxd4 42. Qd5 b5 43. Qxd4 Kg5 44. Qe3+ Kf5 45. Rd1 Kf6 46. Rd5 g5 47.
Qe5+ Kg6 48. Qxg5+ Kf7 49. Rd7+ Ke6 50. Qd5+ Kf6 51. Rf7+ Kg6 52. Qf5+ Kh6 53. Rxh7# 1-0

[Event "*** SCC Grand Prix: Titled Tuesday Blitz"]
[Site "Chess.com"]
[Date "2020.10.06"]
[Round "2"]
[White "AungTZ"]
[Black "Loy_Konstantin"]
[Result "1-0"]
[WhiteElo "2156"]
[BlackElo "2378"]
[TimeControl "180+1"]
[EndTime "10:18:16 PDT"]
[Termination "AungTZ won by resignation"]

1. e4 c5 2. Nf3 d6 3. Bb5+ Nd7 4. O-O a6 5. Bxd7+ Bxd7 6. c3 Nf6 7. Re1 Bc6 8. d4 Bxe4 9. Bg5 Bc6 10. Bxf6 gxf6 11.
Nbd2 cxd4 12. Nxd4 e6 13. Qh5 e5 14. Rad1 Be7 15.
Nf5 Qd7 16. Ne4 Bxe4 17. Rxe4 O-O-O 18. Rc4+ Kb8 19. Ne3 Rc8 20. Rxc8+ Rxc8 21. Qxf7 Qe8 22. Qxh7 Bd8 23. Rxd6 Qb5 24. Rd2 Bb6 25. Qd3 Rd8 26.
Qxb5 axb5 27. Rxd8+ Bxd8 28. h4 Be7 29. g4 Kc7 30. Nf5 Bf8 31. Kg2 Kd7 32. Kf3 Ke6 33. Ke4 b4 34. cxb4 Bxb4 35. f4 exf4 36. Kxf4 Bd2+ 37.
Ke4 Bc1 38. b4 Ba3 39. b5 Kf7 40. h5 Bf8 41. Kd5 Ba3 42. Nd6+ Kg7 43. Nxb7 Kh6 44.
Nc5 Bb2 45. b6 Be5 46. b7 Kg5 47. Nd7 Bc7 48. b8=Q Bxb8 49. Nxb8 Kxg4 50. h6 1-0

[Event "*** SCC Grand Prix: Titled Tuesday Blitz"]
[Site "Chess.com"]
[Date "2020.10.06"]
[Round "2"]
[White "swimmerchess"]
[Black "Sanyura"]
[Result "1-0"]
[WhiteElo "2812"]
[BlackElo "2549"]
[TimeControl "180+1"]
[EndTime "10:18:18 PDT"]
[Termination "swimmerchess won on time"]

1. e4 c6 2. d4 d5 3. e5 Bf5 4. c4 e6 5. Nc3 Ne7 6. Nge2 Nd7 7. Nf4 Qc7 8. g4 Bg6 9. h4 h6 10. Nxg6 Nxg6 11. h5 Ne7 12. f4 dxc4 13. Bxc4 Nd5 14. Qf3 O-O-O 15. Bd2 N7b6 16. Bb3 Kb8 17.
f5 c5 18. Nxd5 Nxd5 19. Rc1 Qb6 20. a4 cxd4 21. a5 Qb5 22. Bc4 Qxb2 23. fxe6 fxe6 24. Qb3 Qxb3 25. Bxb3 d3 26. O-O Ba3 27. Rc4 Rhf8 28. Rb1 b6 29. axb6 Nxb6 30. Ba2 Ka8 31. Rc6 Rc8 32. Rxe6 Rc2 33. Rexb6 axb6 34. Bd5+ Ka7 35. Ra1 b5 36. Rxa3+ Kb6 37. Be3+ Kc7 38. Ra7+ Kd8 39. Bb6+ Ke8 40. e6 1-0

[Event "*** SCC Grand Prix: Titled Tuesday Blitz"]
[Site "Chess.com"]
[Date "2020.10.06"]
[Round "2"]
[White "pavelalexandru07"]
[Black "Malysch"]
[Result "0-1"]
[WhiteElo "2234"]
[BlackElo "2434"]
[TimeControl "180+1"]
[EndTime "10:18:18 PDT"]
[Termination "Malysch won by resignation"]

1. b3 d5 2. Bb2 Nf6 3. Nf3 g6 4. e3 Bg7 5. d4 O-O 6. Bd3 c5 7. dxc5 Nc6 8. O-O Qa5 9. a3 Qxc5 10. b4 Qd6 11. c4 Rd8 12. Qe2 dxc4 13. Bxc4 Ne4 14.
Bxg7 Kxg7 15. Bxf7 Kxf7 16. Qc4+ Qd5 17. Qxe4 Qxe4 18. Ng5+ Kg7 19. Nxe4 Bf5 20. Nbc3 Ne5 21. Rfd1 Nc4 22. Kf1 Rxd1+ 23. Rxd1 Nxa3 24. Ke2 Nc4 25.
f3 Rc8 26. g4 Bxe4 27. Nxe4 Rc7 28. Nc5 Kf7 29. Rd7 Rxd7 30. Nxd7 b6 31. Kd3 Nd6 32.
Ne5+ Ke6 33. Nc6 a6 34. Nb8 a5 35. bxa5 bxa5 36. Nc6 a4 37. f4 Nb5 38. Kc4 a3 39.
Kxb5 a2 40. Nd4+ Kd5 41. Nb3 Ke4 42. Kc4 Kxe3 43. f5 gxf5 44. gxf5 Kf4 45. Kd4 Kxf5 46. Ke3 Kg4 47. Kf2 Kh3 48. Kg1 e5 49. Kf2 Kxh2 50. Ke3 Kg3 51. Ke4 h5 52. Kxe5 h4 53.
Kf5 h3 0-1

[Event "*** SCC Grand Prix: Titled Tuesday Blitz"]
[Site "Chess.com"]
[Date "2020.10.06"]
[Round "2"]
[White "Larina_Marija"]
[Black "AlexSuv"]
[Result "1-0"]
[WhiteElo "2198"]
[BlackElo "2510"]
[TimeControl "180+1"]
[EndTime "10:18:20 PDT"]
[Termination "Larina_Marija won on time"]

1. e4 c5 2. Nc3 e6 3. Nf3 Nc6 4. d4 cxd4 5. Nxd4 a6 6. g3 Qc7 7.
Bg2 Nf6 8. O-O Nxd4 9. Qxd4 Bc5 10. Qd1 d6 11. Bf4 h6 12. Na4 e5 13. Nxc5 dxc5 14.
Bd2 O-O 15. Bc3 c4 16. Qf3 Bg4 17. Qe3 Rad8 18. f3 Bc8 19. Rfd1 b5 20. a3 Nh7 21.
Bb4 Rfe8 22. Qc5 Qxc5+ 23. Bxc5 Ng5 24. Kf2 Bb7 25. Bb6 Rxd1 26. Rxd1 Bc8 27. Rd6 Ne6 28. Bf1 Kf8 29. a4 Ke7 30. Rd5 Bb7 31. Rxe5 Bc6 32. Rh5 Rb8 33. a5 Rb7 34. Ke3 Rd7 35. Be2 f6 36. f4 Kf7 37. Bg4 Re7 38. e5 Nf8 39. Kf2 Ng6 40. e6+ Kf8 41. Bc5 Ke8 42.
Bxe7 Kxe7 43. Rc5 Kd6 44. Rh5 Ne7 45. f5 Be8 46. Rh4 Ke5 47. Bh3 Nd5 48. Rg4 1-0

[Event "*** SCC Grand Prix: Titled Tuesday Blitz"]
[Site "Chess.com"]
[Date "2020.10.06"]
[Round "2"]
[White "Kira170"]
[Black "Mikhail_Golubev"]
[Result "1-0"]
[WhiteElo "2783"]
[BlackElo "2518"]
[TimeControl "180+1"]
[EndTime "10:18:21 PDT"]
[Termination "Kira170 won on time"]

1. d4 Nf6 2. Nc3 d5 3. Bf4 a6 4. e3 c5 5. Nf3 cxd4 6. exd4 Nc6 7. Ne5 Bf5 8. Qd2 Rc8 9. Nxc6 Rxc6 10. Bd3 Bxd3 11.
Qxd3 e6 12. O-O Be7 13. Ne2 O-O 14. c3 b5 15. a3 Qb6 16. Rfe1 a5 17. h3 Rfc8 18.
Bg5 h6 19. Bxf6 Bxf6 20. Red1 b4 21. cxb4 axb4 22. a4 Qa6 23. a5 Qxd3 24. Rxd3 Ra6 25.
Rb3 Rca8 26. Rxb4 Rxa5 27. Rxa5 Rxa5 28. f3 Ra1+ 29. Kf2 Kh7 30. Rb7 Kg6 31. b4 e5 32.
dxe5 Bxe5 33. f4 Bf6 34. g4 Bh4+ 35. Ke3 Ra3+ 36. Kd2 Rxh3 37. f5+ Kf6 38. b5 Bf2 39. Rd7 Ke5 40. Rxf7 Bc5 41. Rxg7 d4 42. Rg6 Bb4+ 43. Kd1 Ke4 44. Re6+ Kf3 45. Nxd4+ Kxg4 46. b6 Rd3+ 47.
Kc2 Rxd4 48. b7 Rd8 49. f6 1-0

[Event "*** SCC Grand Prix: Titled Tuesday Blitz"]
[Site "Chess.com"]
[Date "2020.10.06"]
[Round "2"]
[White "Joshukid"]
[Black "RestartingChess"]
[Result "1-0"]
[WhiteElo "2707"]
[BlackElo "2474"]
[TimeControl "180+1"]
[EndTime "10:18:22 PDT"]
[Termination "Joshukid won on time"]

1. Nf3 Nf6 2. c4 b6 3. g3 Bb7 4.
Bg2 g6 5. b3 Bg7 6. Bb2 O-O 7.
O-O d5 8. cxd5 Nxd5 9. Bxg7 Kxg7 10. Qc1 Nf6 11. d4 e6 12. Rd1 Nbd7 13. Nc3 Rc8 14. Qb2 Qe7 15. d5 exd5 16. Nxd5 Bxd5 17. Rxd5 Nc5 18.
Rad1 Rcd8 19. g4 Kg8 20. Rxd8 Rxd8 21. Rxd8+ Qxd8 22. g5 Qd1+ 23. Bf1 Nd5 24. Ne5 Ne4 25. Ng4 Ndc3 26. h3 Qd4 27. e3 Qc5 28. h4 b5 29. b4 Qc6 30. Bg2 Qe6 31. Nf6+ Nxf6 32. Qxc3 Nd5 33. Bxd5 Qxd5 34. Qxc7 Qd1+ 35. Kh2 Qg4 36.
Qb8+ Kg7 37. Qe5+ Kg8 38. Qf4 Qe2 39. Kg3 Qxa2 40. Qb8+ Kg7 41. Qxb5 Qe6 42. Qc5 h6 43. gxh6+ Kxh6 44. Qxa7 Qe5+ 45. f4 Qa1 46. Qxa1 1-0

[Event "*** SCC Grand Prix: Titled Tuesday Blitz"]
[Site "Chess.com"]
[Date "2020.10.06"]
[Round "2"]
[White "mirceaparligras"]
[Black "Fischerev7"]
[Result "1-0"]
[WhiteElo "2663"]
[BlackElo "2342"]
[TimeControl "180+1"]
[EndTime "10:18:23 PDT"]
[Termination "mirceaparligras won on time"]

1. d4 Nf6 2. c4 e6 3. Nf3 Bb4+ 4. Bd2 a5 5. a3 Be7 6. Nc3 d5 7. Bf4 O-O 8. e3 b6 9. Bd3 dxc4 10. Bxc4 Bb7 11. O-O c5 12. Nb5 Na6 13. dxc5 Bxc5 14. Qe2 Nd5 15. Bg3 Qe7 16. Rfd1 Rfd8 17. Rac1 Rac8 18.
e4 Ndc7 19. Bh4 f6 20. e5 Nxb5 21. Bxb5 Nc7 22. Bc4 Bd5 23. exf6 gxf6 24. Ne5 Bxc4 25. Qxc4 Nd5 26. Qg4+ Kh8 27. Qf3 Rf8 28. Ng4 Kg7 29.
Re1 Qf7 30. Rcd1 Rce8 31. Qg3 Qg6 32. Qf3 f5 33. Ne5 Qh6 34. Qg3+ Kh8 35. Bg5 Qg7 36. Qh4 f4 37. Bh6 Qf6 38. Bg5 Qg7 39. Bh6 Qf6 40.
Qxf6+ Rxf6 41. Bg5 Rf5 42. Bh4 Rg8 43. Nf3 Nf6 44.
Rxe6 Ng4 45. h3 1-0

[Event "*** SCC Grand Prix: Titled Tuesday Blitz"]
[Site "Chess.com"]
[Date "2020.10.06"]
[Round "2"]
[White "tornikesanikidze"]
[Black "rasmussvane"]
[Result "1-0"]
[WhiteElo "2604"]
[BlackElo "2900"]
[TimeControl "180+1"]
[EndTime "10:18:24 PDT"]
[Termination "tornikesanikidze won by resignation"]

1. d4 d5 2. c4 e6 3. Nf3 a6 4. cxd5 exd5 5. Nc3 Nf6 6. Bg5 Be6 7. e3 Nbd7 8. Bd3 Bd6 9. Qc2 c6 10. O-O-O Qc7 11. Kb1 O-O-O 12. Na4 Kb8 13. Rc1 Rc8 14. Nc5 Qb6 15. Ka1 h6 16. Bh4 Ka8 17. Bg3 Bxg3 18.
hxg3 Rhe8 19. Rb1 Nxc5 20. dxc5 Qc7 21. Nd4 Nd7 22. b4 Ne5 23. a4 f6 24. Nxe6 Rxe6 25. Bf5 Ree8 26. Bxc8 Rxc8 27. Qc3 f5 28. Rh5 Rf8 29.
Ka2 Nc4 30. Rh4 g5 31. Rxh6 f4 32. gxf4 gxf4 33. e4 Qf7 34. Ka1 dxe4 35. Rh8 Rxh8 36.
Qxh8+ Ka7 37. Rd1 Nd2 38. Rxd2 Qc4 39. Qd4 Qc1+ 40. Ka2 e3 41. fxe3 fxe3 42. Qxe3 Qc4+ 43. Ka3 Qc1+ 44. Kb3 Qb1+ 45. Rb2 Qd1+ 46. Ka3 Qa1+ 47. Ra2 Qd1 48. Qc3 Qg4 49. g3 Qe4 50. Rb2 Qe1 51.
Qxe1 1-0

[Event "*** SCC Grand Prix: Titled Tuesday Blitz"]
[Site "Chess.com"]
[Date "2020.10.06"]
[Round "2"]
[White "vinniethepooh"]
[Black "sergoy"]
[Result "0-1"]
[WhiteElo "2569"]
[BlackElo "2869"]
[TimeControl "180+1"]
[EndTime "10:18:24 PDT"]
[Termination "sergoy won by resignation"]

1. d4 Nf6 2. c4 e6 3. Nc3 Bb4 4. f3 c5 5. d5 d6 6. e4 b5 7. Bd3 exd5 8. cxd5 O-O 9. Ne2 c4 10. Bc2 a6 11. O-O Bc5+ 12. Kh1 Nbd7 13. Nd4 Ne5 14. Nce2 Bd7 15. Bg5 h6 16. Bh4 Ng6 17. Bf2 Re8 18. Qd2 a5 19. Rad1 b4 20. Ng3 a4 21. Ngf5 a3 22.
b3 c3 23. Qc1 Bxf5 24. Nxf5 Bxf2 25. Rxf2 Ne5 26. h3 Qb6 27. Rff1 Nfd7 28. Qf4 Nf8 29. Qg3 Neg6 30. h4 h5 31. Nxd6 Qc7 32. e5 Rxe5 33. Nc4 Rae8 34. d6 Qc5 35. d7 Rd8 36. Nxe5 Nxe5 37.
Qg5 f6 38. Qxh5 Qe7 39. Rfe1 Rxd7 40. Rxd7 Qxd7 41. f4 Qd2 42. Qe2 Qxf4 43. Rf1 Qxh4+ 44. Kg1 Ng4 45. g3 Qxg3+ 46. Qg2 Qxg2+ 47. Kxg2 Ne3+ 48. Kf2 Nxf1 49. Kxf1 Ne6 50. Ke2 Nd4+ 51. Kd3 Nxc2 52. Kxc2 f5 0-1

[Event "*** SCC Grand Prix: Titled Tuesday Blitz"]
[Site "Chess.com"]
[Date "2020.10.06"]
[Round "2"]
[White "RusPakhom"]
[Black "dyziotomi99"]
[Result "1-0"]
[WhiteElo "2300"]
[BlackElo "2449"]
[TimeControl "180+1"]
[EndTime "10:18:24 PDT"]
[Termination "RusPakhom won by resignation"]

1. e4 c5 2. Nf3 Nc6 3. c4 e5 4.
Be2 d6 5. d3 g6 6. h4 Bg7 7. h5 a6 8. Nc3 Rb8 9. a4 Nge7 10. Be3 O-O 11. h6 Bh8 12. Bg5 f6 13. Bh4 Be6 14. Nh2 Nd4 15. Nf3 Qd7 16.
Nxd4 cxd4 17. Nd5 Bxd5 18. cxd5 Rbc8 19. Qb3 f5 20. O-O fxe4 21. dxe4 Bf6 22. Qg3 Bxh4 23.
Qxh4 Rf4 24. Qg5 Rxe4 25. Bf3 Rf4 26. Rfc1 Nf5 27. Bg4 d3 28. g3 Rfc4 29. Rxc4 Rxc4 30. b3 Rc2 31. Qf6 d2 32. Bxf5 gxf5 33. Kg2 Rc1 34. Qg5+ Kf8 35. Rxc1 dxc1=Q 36. Qxc1 Qe7 37. Qc8+ Kf7 38. Qxf5+ Ke8 39. Qc8+ Kf7 40. Qg4 Kf8 41. Qh5 Qf6 42.
Qg4 Qf7 43. Qc8+ Qe8 44. Qxb7 Qg6 45. Qg7+ Qxg7 46. hxg7+ Kxg7 47. b4 Kf7 48. Kf3 Ke7 49.
Ke4 Kd7 50. Kf5 Kc7 51. Ke6 Kb6 52. Kxd6 a5 53. bxa5+ Kxa5 54. Kxe5 Kxa4 55. d6 1-0

[Event "*** SCC Grand Prix: Titled Tuesday Blitz"]
[Site "Chess.com"]
[Date "2020.10.06"]
[Round "2"]
[White "Ze-Pequeno"]
[Black "brunomorado"]
[Result "1-0"]
[WhiteElo "2266"]
[BlackElo "2433"]
[TimeControl "180+1"]
[EndTime "10:18:24 PDT"]
[Termination "Ze-Pequeno won by resignation"]

1. e4 c5 2. Nf3 Nc6 3. d4 cxd4 4. Nxd4 e5 5. Nb5 d6 6. N1c3 a6 7. Na3 b5 8. Nd5 Nce7 9. c4 Nxd5 10. exd5 bxc4 11. Nxc4 f5 12. Be2 Nf6 13. O-O Be7 14. Bd2 O-O 15. Ba5 Qe8 16. Nb6 Rb8 17. Qc2 Rxb6 18.
Bxb6 Kh8 19. Rad1 f4 20. f3 Bb7 21. Bc4 Bd8 22. Bf2 Ba5 23. a3 Qd8 24. b4 Bb6 25.
Bb3 Bxf2+ 26. Rxf2 Qb6 27. Kf1 Rc8 28. Qb2 g5 29.
Rc2 Rg8 30. h3 h5 31. Rc3 g4 32. hxg4 hxg4 33. Qf2 Qxf2+ 34. Kxf2 gxf3 35. gxf3 Rg3 36. Rc7 Rg7 37. Rxg7 Kxg7 38. Ke2 Kf7 39. a4 Ke7 40. b5 Nh5 41. Rc1 Kd7 42. b6 Ng3+ 43. Kf2 Kd8 44. Rc7 Bc8 45. Rh7 Nf5 46. b7 Bxb7 47. Rxb7 Nd4 48.
Bc4 Kc8 49. Bxa6 1-0

[Event "*** SCC Grand Prix: Titled Tuesday Blitz"]
[Site "Chess.com"]
[Date "2020.10.06"]
[Round "2"]
[White "Ranindu2003"]
[Black "exoticprincess"]
[Result "1/2-1/2"]
[WhiteElo "2585"]
[BlackElo "2890"]
[TimeControl "180+1"]
[EndTime "10:18:28 PDT"]
[Termination "Game drawn - insufficient material"]

1. e4 c6 2. d4 d5 3. e5 Bf5 4. Nd2 e6 5. Nb3 Nd7 6. Nf3 h6 7.
Be2 Ne7 8. O-O Bh7 9. Bd2 Ng6 10. a4 Be7 11. a5 O-O 12. Bd3 Re8 13. c4 Rc8 14. Qe2 Ngf8 15. Bxh7+ Nxh7 16. Rfd1 Nhf8 17. cxd5 exd5 18. Qd3 Ne6 19. Rac1 a6 20. Be3 Bb4 21. Ra1 Qe7 22. Ne1 Bxe1 23. Rxe1 Qb4 24. f4 f5 25.
Rec1 Qb5 26. Qxb5 cxb5 27. g4 g6 28. gxf5 gxf5 29. Kf2 Kf7 30. Kf3 Rc4 31. Rxc4 bxc4 32. Nc1 Nb8 33. Ne2 Nc6 34. Bf2 Rc8 35. Ke3 Nb4 36.
Rc1 Nd3 37. Rc2 Rg8 38. Bg3 h5 39. b3 cxb3 40. Rc3 Nb2 41. Rxb3 Nc4+ 42. Kd3 Nxa5 43. Rb6 Rg6 44. Rd6 Ke8 45. Rxd5 Nc6 46. Rd6 Ncd8 47. d5 Nc5+ 48. Kd4 Rxd6 49. exd6 Nd7 50. Bh4 b5 51. Ng3 Nb7 52. Nxf5 a5 53. Be7 a4 54.
Kc3 Nb6 55. Ne3 Kd7 56. f5 Nxd6 57. Bxd6 Kxd6 58. f6 Nd7 59. f7 Ke7 60. Kb4 Kxf7 61.
Kxb5 a3 62. Ka4 a2 63. Nc2 Nb6+ 64. Ka3 Nxd5 65. Kxa2 Kf6 66. Kb3 Ke5 67. Kc4 Ke4 68. Ne1 Ne3+ 69. Kc3 h4 70. Kd2 Nf1+ 71. Ke2 Nxh2 72.
Kf2 Kf4 73. Ng2+ Kg4 74. Nxh4 1/2-1/2

[Event "*** SCC Grand Prix: Titled Tuesday Blitz"]
[Site "Chess.com"]
[Date "2020.10.06"]
[Round "2"]
[White "topotun"]
[Black "GM_LOADING"]
[Result "1-0"]
[WhiteElo "2738"]
[BlackElo "2490"]
[TimeControl "180+1"]
[EndTime "10:18:28 PDT"]
[Termination "topotun won on time"]

1. e4 e5 2. Nf3 Nc6 3. Bb5 g6 4. O-O Bg7 5. c3 a6 6. Ba4 Nge7 7. d4 exd4 8. cxd4 O-O 9. d5 Na5 10. Nbd2 d6 11. Rb1 b5 12. Bc2 c5 13. b3 Bd7 14.
Bb2 Bxb2 15. Rxb2 Nc8 16. Re1 Re8 17. Nf1 Qf6 18. Rb1 Bg4 19. N1d2 Nb6 20. h3 Bxf3 21. Nxf3 Nd7 22. Qd2 Nb7 23. Nh2 h5 24. f4 c4 25.
b4 Nb6 26. Nf3 Rac8 27. e5 dxe5 28. fxe5 Qg7 29. Qd4 Nd7 30. Qa7 Rb8 31. e6 Nf6 32. Ne5 fxe6 33. Bxg6 exd5 34. Bxe8 Rxe8 35. Nf3 Nd6 36.
Rxe8+ Nfxe8 37. Qxa6 d4 38. Qc6 d3 39. Re1 Qf7 40.
Qc5 Kf8 41. Nd2 Qd7 42. Rf1+ Kg7 43. Qxh5 Qe7 44. Qg4+ Kh7 45. Nf3 Qa7+ 46. Kh1 d2 47. Ng5+ Kh6 48. Nf3 Ne4 49. Qf4+ Ng5 50. Qxg5+ 1-0

[Event "*** SCC Grand Prix: Titled Tuesday Blitz"]
[Site "Chess.com"]
[Date "2020.10.06"]
[Round "2"]
[White "boasovietica"]
[Black "Fandorine"]
[Result "0-1"]
[WhiteElo "2468"]
[BlackElo "2879"]
[TimeControl "180+1"]
[EndTime "10:18:28 PDT"]
[Termination "Fandorine won on time"]

1. e4 c5 2. Nf3 d6 3. d4 cxd4 4. Nxd4 Nf6 5. Nc3 a6 6. Be3 Nbd7 7. Be2 e6 8. O-O Qc7 9. f4 b5 10. a3 Bb7 11. Bf3 Be7 12. Qe1 O-O 13. Qg3 Rac8 14. Kh1 Qb8 15. Rae1 Qa8 16. e5 dxe5 17. fxe5 Ne8 18.
Bg5 Bxg5 19. Qxg5 Rc4 20. Nde2 h6 21. Qe3 Nc7 22. Rd1 Bxf3 23. Rxf3 Nd5 24. Nxd5 exd5 25.
e6 Re4 26. exf7+ Rxf7 27. Qf2 Rxf3 28. Qxf3 Nf6 29. Ng3 Re5 30. c3 Qe8 31. h3 Re3 32. Qf4 Qe6 33. Kh2 Kh7 34. Rd2 Re5 35. Qd4 Ne4 36.
Nxe4 dxe4 37. Re2 e3 38. Qf4 Re4 39. Qg3 h5 40. Qf3 h4 41. g3 hxg3+ 42. Qxg3 Re5 43. Qf4 Re4 44. Qg3 Qh6 45. Qf3 Qd6+ 46. Qg3 Qd3 47. Rg2 Re7 0-1

[Event "*** SCC Grand Prix: Titled Tuesday Blitz"]
[Site "Chess.com"]
[Date "2020.10.06"]
[Round "2"]
[White "ORS1984"]
[Black "Jumbo"]
[Result "0-1"]
[WhiteElo "2482"]
[BlackElo "2719"]
[TimeControl "180+1"]
[EndTime "10:18:29 PDT"]
[Termination "Jumbo won on time"]

1. e4 e6 2. d4 d5 3. Nc3 Nf6 4. e5 Nfd7 5. f4 c5 6. Nf3 Nc6 7. Be3 a6 8. Qd2 b5 9. dxc5 Bxc5 10. Ne2 Qb6 11. Ned4 f6 12. exf6 Nxf6 13. O-O-O Ne4 14. Qe1 Na5 15. b4 Nc4 16. bxc5 Qxc5 17. Bxc4 Qa3+ 18. Kb1 bxc4 19. Nb3 cxb3 20. cxb3 O-O 21. Bd4 Bd7 22.
Ng5 Rxf4 23. Bb2 Qe7 24. Nxe4 Rxe4 25. Qc3 Be8 26. Rhe1 Bg6 27. Ka1 Rd8 28. Rxe4 Bxe4 29. Qe5 Qf7 30. h4 h6 31. g4 Rc8 32. g5 h5 33. Rg1 Bg6 34. Re1 Rc6 35. a3 Kh7 36. Ka2 Be4 37. Rf1 Qc7 38. Qd4 Rc2 39. g6+ Bxg6 40. Rg1 Qf7 41. Qe5 Rf2 42. Qg5 Rf5 43.
Qg3 Rf3 44. Qe5 Rf2 45. Qg3 Qf6 0-1

[Event "*** SCC Grand Prix: Titled Tuesday Blitz"]
[Site "Chess.com"]
[Date "2020.10.06"]
[Round "2"]
[White "ftorodent"]
[Black "ferch1ni"]
[Result "1-0"]
[WhiteElo "2675"]
[BlackElo "2374"]
[TimeControl "180+1"]
[EndTime "10:18:30 PDT"]
[Termination "ftorodent won on time"]

1. d4 f6 2. e4 c5 3. d5 e5 4. dxe6 dxe6 5. Qxd8+ Kxd8 6. Nc3 e5 7. Bc4 Ne7 8. Be3 a6 9. O-O-O+ Kc7 10. Bxc5 b5 11.
Bb3 Bb7 12. Nf3 Nc8 13. Bxf8 Rxf8 14. a4 bxa4 15. Bxa4 Nb6 16. Nd2 Nc6 17. Nb3 Rf7 18.
Bxc6 Bxc6 19. Nc5 a5 20. b3 a4 21. Ne6+ Kb7 22. Nd8+ Rxd8 23. Rxd8 Rc7 24. Kb2 axb3 25. cxb3 Bd7 26. Rd1 Bg4 27. f3 Be6 28. R1d6 Re7 29. Nd5 Bxd5 30. exd5 Kc7 31. Kc3 Nc8 32. Rxc8+ Kxc8 33. Kc4 Ra7 34. Rc6+ Kd7 35. Rb6 Ra2 36. Rb7+ Kd6 37.
Rxg7 Rc2+ 38. Kd3 Rc1 39. Rxh7 Kxd5 40. g4 Rb1 41. Kc3 Rf1 42. Rh3 e4 43. Rh5+ Ke6 44.
fxe4 Rf4 45. h3 Rxe4 46. b4 Re1 47. Kc4 Rc1+ 48. Kb5 Kd6 49. Rf5 Ke6 50. Kb6 Rh1 51.
Rf3 Ke5 52. b5 Ke4 53. Rxf6 Rxh3 54. g5 Ke5 55. Rc6 Rg3 56. g6 Kd5 57. Kb7 Rb3 58. b6 Rg3 59. Kc7 Rb3 60. b7 Rb4 61. Rb6 Rc4+ 62.
Kd7 Rf4 63. b8=Q Rf7+ 64. gxf7 1-0

[Event "*** SCC Grand Prix: Titled Tuesday Blitz"]
[Site "Chess.com"]
[Date "2020.10.06"]
[Round "2"]
[White "AniJak"]
[Black "Moultino06"]
[Result "0-1"]
[WhiteElo "2364"]
[BlackElo "2658"]
[TimeControl "180+1"]
[EndTime "10:18:32 PDT"]
[Termination "Moultino06 won by resignation"]

1. e4 c5 2. Nc3 g6 3. g3 Bg7 4.
Bg2 e6 5. d3 Nc6 6. Be3 Nd4 7.
Qd2 d6 8. Nd1 h5 9. c3 Nc6 10.
h4 Nge7 11. f4 b6 12. f5 exf5 13. exf5 Bxf5 14. Bg5 Ne5 15. Bxa8 Qxa8 16. Rh2 Nxd3+ 17. Kf1 Nd5 18. Ne3 Nxe3+ 19. Qxe3+ Be5 20. Rd1 Qd5 21. Nf3 c4 22. Bf6 O-O 23. Bxe5 dxe5 24. Ne1 Bg4 25. Rdd2 Rd8 26. Nxd3 cxd3 27. Kg1 Qxa2 28. Rhf2 Qd5 29. Kh2 f5 30. Qg5 Rd6 31. Qe7 Qc6 32.
Rf1 e4 33. Re1 Rd7 34. Qe8+ Kg7 35. Qe5+ Qf6 36. Qf4 a5 37. Rf1 Qd6 38. Qe3 Qc5 39. Re1 Qxe3 40. Rxe3 a4 41. Kg2 b5 42. Kf2 Kf6 43.
Re1 g5 44. hxg5+ Kxg5 45. Ke3 Rh7 46. Rh2 Ra7 47. Ra1 Be2 48. Ra2 Kg4 49. b3 Kxg3 50.
Rf2 Rf7 51. bxa4 f4+ 52. Kxe4 Kxf2 53. axb5 Rb7 54. c4 Ke1 55. Kd5 d2 56. Ra1+ d1=Q+ 57. Rxd1+ Kxd1 58. Kc6 Bxc4 59. Kxb7 Bxb5 0-1

[Event "*** SCC Grand Prix: Titled Tuesday Blitz"]
[Site "Chess.com"]
[Date "2020.10.06"]
[Round "2"]
[White "rugbyclub"]
[Black "AndrewMaco"]
[Result "0-1"]
[WhiteElo "2176"]
[BlackElo "2633"]
[TimeControl "180+1"]
[EndTime "10:18:33 PDT"]
[Termination "AndrewMaco won by resignation"]

1. e4 c6 2. d4 d5 3. e5 Bf5 4. h4 h5 5. Bd3 Bxd3 6. Qxd3 e6 7. Bg5 Be7 8. Nf3 Nh6 9. c4 Nf5 10. cxd5 cxd5 11. Nc3 Nc6 12. Bxe7 Qxe7 13. g3 Qd7 14. O-O-O O-O-O 15. Kb1 Kb8 16. Rc1 Rc8 17. Ne2 g6 18.
Qd2 Rc7 19. Rc2 Rhc8 20. Rhc1 b6 21. b3 Kb7 22. Kb2 Qe7 23. a3 Qd7 24. Rc3 a6 25. Qc2 a5 26. Qd2 Na7 27. Rxc7+ Rxc7 28. Rxc7+ Qxc7 29. Qd3 Qd7 30. Ng5 b5 31. Qc3 a4 32.
Qc5 axb3 33. Kxb3 Ka6 34. Nc3 Qb7 35. a4 bxa4+ 36. Kxa4 Nc6 37. Nb5 Qb6 38. Qxb6+ Kxb6 39. Nxf7 Ncxd4 40. Nxd4 Nxd4 41. Ng5 Kc5 42. Ka3 Kc4 43. Kb2 Kd3 44. Kc1 Ke2 45. f4 Kf2 46. Kd2 Kxg3 47. Kd3 Nf5 48. Nxe6 Kxh4 49. Nf8 Kg4 50. Nxg6 h4 51. e6 h3 52. Ke2 h2 53. e7 Nxe7 54.
Nxe7 h1=Q 55. Nxd5 Qxd5 56. f5 Qxf5 0-1